Map: [ESL] Equilibrium

Players

Kelazhur - Winner!

  • Race: Terran Terran
  • Spawn Location: 11:00

Astrea

  • Race: Protoss Protoss
  • Spawn Location: 1:00

Event: ESL SC2 Masters 2023 Winter (Regional)

VOD

Have the link to the VOD?

Description

Time

  • Played on: Nov. 19, 2023, 2:17 p.m.
  • Length: 15:35

All games in this series

Show
View Real Time Build Order
Export as new Build Order

Kelazhur Terran - Winner!

Build Orders: Cyclone Opening, Gas First Reaper Expand 

Get SALT Encoding   

  12  0:00  SCV  
  13  0:12  SCV  
  14  0:17  Supply Depot  
  14  0:24  SCV  
  14  0:27  Refinery  
  15  0:38  SCV  
  16  0:44  Barracks  
  16  0:50  SCV  
  17  1:03  SCV  
  18  1:15  SCV  
  19  1:31  Orbital Command, Reaper  
  20  1:41  Command Center  
  20  1:51  Factory  
  20  1:57  SCV  
  21  2:03  Supply Depot  
  21  2:05  Barracks Reactor  
  21  2:09  SCV  
  22  2:18  Refinery  
  22  2:21  SCV  
  23  2:33  SCV  
  23  2:36  Bunker, Cyclone  
  26  2:43  Marine x2  
  28  2:45  SCV  
  29  2:53  Orbital Command  
  29  2:59  SCV  
  29  3:01  Marine x2  
  31  3:09  Cyclone  
  31  3:11  SCV  
  31  3:20  Marine x2  
  31  3:23  Starport  
  31  3:25  SCV  
  29  3:28  SCV  
  30  3:37  SCV  
  30  3:38  Marine x2  
  33  3:41  SCV  
  33  3:44  Cyclone  
  36  3:49  SCV  
  37  3:55  Marine x2  
  37  3:56  SCV  
  37  3:59  Medivac  
  37  4:00  Supply Depot  
  37  4:02  SCV  
  43  4:08  SCV  
  44  4:15  Marine x2  
  46  4:22  Cyclone, SCV x2  
  46  4:32  Marine x2  
  46  4:33  Viking  
  46  4:34  SCV  
  40  4:45  SCV  
  40  4:54  SCV  
  40  5:00  Marine x2  
  40  5:05  SCV  
  43  5:14  Cyclone  
  43  5:17  SCV  
  46  5:25  SCV  
  47  5:34  SCV  
  45  5:37  Marine  
  45  5:38  SCV  
  45  5:40  Liberator  
  50  5:46  SCV  
  50  5:47  Cyclone  
  53  5:50  SCV  
  52  5:58  SCV, Supply Depot  
  52  6:03  SCV  
  54  6:07  Marine x2  
  54  6:11  SCV  
  55  6:17  SCV  
  51  6:25  Cyclone  
  51  6:27  SCV  
  51  6:31  Marine x2  
  51  6:32  SCV  
  53  6:36  Barracks  
  53  6:37  Barracks  
  53  6:39  SCV  
  54  6:40  Supply Depot  
  54  6:44  SCV  
  57  6:48  Starport Tech Lab  
  57  6:51  SCV  
  54  6:56  SCV  
  54  7:01  Barracks Tech Lab  
  48  7:03  Factory Tech Lab, SCV  
  48  7:08  SCV  
  45  7:16  SCV  
  45  7:19  Stimpack, Marine  
  45  7:20  SCV  
  48  7:23  Engineering Bay  
  48  7:28  Cyclone, SCV  
  49  7:30  Starport Reactor  
  49  7:32  SCV  
  48  7:40  Marine, SCV  
  49  7:44  SCV  
  49  7:47  Marauder  
  49  7:48  Marine x2, Combat Shield  
  54  7:53  Refinery  
  54  7:54  Refinery  
  54  7:56  Missile Turret  
  54  7:57  Missile Turret  
  51  8:02  SCV  
  51  8:04  Marauder  
  51  8:05  SCV  
  51  8:06  Marine x2  
  51  8:07  Siege Tank  
  56  8:14  Marauder, SCV  
  56  8:17  SCV  
  60  8:24  Marine x2  
  60  8:26  Marauder  
  63  8:28  SCV  
  63  8:34  Medivac  
  64  8:35  Medivac, Marine  
  67  8:43  Marine x2  
  67  8:47  Marauder  
  68  8:57  Command Center  
  68  8:58  Marauder  
  68  9:00  Concussive Shells  
  68  9:02  SCV x2  
  71  9:10  Marine  
  71  9:11  Marine, Marauder  
  71  9:15  Widow Mine  
  77  9:21  SCV  
  77  9:24  SCV  
  78  9:33  Barracks x2, Terran Infantry Weapons Level 1  
  78  9:34  Marine x2  
  78  9:35  Medivac, Marauder, SCV  
  85  9:46  Factory Reactor  
  85  9:51  Supply Depot  
  85  9:54  Armory, SCV  
  86  10:08  Medivac, SCV x2, Marine x2, Supply Depot  
  86  10:09  Marauder x2  
  86  10:10  Supply Depot  
  96  10:15  Medivac  
  96  10:20  SCV  
  99  10:26  Marine x2, Marauder  
  99  10:28  SCV  
  102  10:30  Marauder x2  
  102  10:31  Widow Mine x2  
  110  10:36  Barracks Reactor  
  110  10:39  SCV  
  111  10:48  Marauder, Marine x2  
  114  10:50  Orbital Command  
  114  10:51  Marauder x2  
  114  10:53  Widow Mine  
  114  11:07  Marine x2  
  114  11:08  SCV  
  114  11:09  Marauder  
  111  11:11  Widow Mine  
  111  11:13  Marauder x2  
  111  11:16  Widow Mine  
  119  11:21  Marine x2  
  119  11:22  Ghost Academy  
  119  11:24  Marine  
  122  11:25  Supply Depot  
  122  11:26  Medivac  
  122  11:32  Terran Infantry Weapons Level 2  
  124  11:36  Engineering Bay  
  124  11:47  Medivac, Marauder x3  
  124  11:48  Marine  
  133  12:01  Marine  
  133  12:02  Marine x2  
  133  12:03  Widow Mine  
  133  12:05  Widow Mine  
  133  12:06  Marine  
  124  12:08  Marine  
  124  12:09  Marauder x2  
  124  12:19  Orbital Command, Marine  
  124  12:20  Marine x2  
  124  12:22  Supply Depot  
  123  12:24  Supply Depot  
  123  12:26  Marauder  
  125  12:35  Marine  
  125  12:37  Marauder  
  127  12:44  Marauder  
  113  13:01  Marauder  
  113  13:04  Marine x2, Marauder  
  106  13:08  Widow Mine  
  108  13:15  Marine  
  108  13:16  Marauder  
  108  13:17  SCV  
  108  13:19  SCV  
  114  13:20  SCV  
  114  13:27  Marine x2  
  114  13:28  Marine  
  114  13:29  SCV  
  114  13:31  SCV  
  115  13:37  Marine x3, Marauder  
  115  13:38  SCV  
  117  13:42  Medivac x2  
  117  13:44  SCV x2  
  117  13:45  Marine  
  124  13:50  Refinery  
  124  13:51  Marine x2, SCV  
  124  13:55  Marauder  
  129  14:02  Marine x2, Marauder  
  133  14:03  Marine  
  129  14:16  Marauder  
  125  14:19  Marine  
  125  14:20  Marauder, SCV  
  125  14:22  SCV x2  
  127  14:24  Widow Mine x2  
  127  14:26  Marine x3, Marauder  
  131  14:32  SCV  
  131  14:34  SCV x2  
  131  14:37  Marine  
  131  14:38  Marauder  
  137  14:41  Ghost  
  127  14:47  Ghost  
  127  14:48  Marine x3  
  127  14:51  Widow Mine x2  
  133  14:55  Refinery, Marine  
  133  14:58  Ghost  
  131  15:09  Marine  
  131  15:14  SCV x2  
  131  15:15  Refinery, SCV  
  131  15:16  Marine  
  131  15:18  Command Center  
  131  15:19  Supply Depot  
Show
View Real Time Build Order
Export as new Build Order

Astrea Protoss 

Build Orders: Oracle Opening 

Get SALT Encoding   

  12  0:00  Probe  
  13  0:12  Pylon  
  13  0:17  Probe  
  14  0:30  Gateway  
  14  0:33  Probe (Chrono Boost)  
  15  0:42  Assimilator, Probe (Chrono Boost)  
  16  0:47  Probe (Chrono Boost)  
  17  0:50  Assimilator  
  17  0:59  Probe  
  19  1:11  Probe  
  19  1:18  Cybernetics Core  
  19  1:19  Zealot  
  19  1:23  Probe  
  22  1:28  Pylon  
  22  1:35  Probe  
  23  1:47  Probe  
  23  1:53  Adept (Chrono Boost)  
  24  1:54  Stargate  
  24  1:58  Warp Gate  
  26  2:03  Probe  
  27  2:15  Pylon  
  27  2:16  Adept  
  28  2:32  Probe  
  28  2:35  Oracle (Chrono Boost)  
  32  2:50  Probe  
  33  3:04  Oracle (Chrono Boost)  
  36  3:11  Nexus  
  36  3:14  Probe  
  35  3:26  Probe  
  35  3:36  Oracle  
  35  3:38  Probe  
  39  3:41  Pylon  
  38  3:50  Probe  
  38  3:59  Twilight Council  
  38  4:02  Probe  
  39  4:06  Shield Battery  
  39  4:18  Pylon  
  41  4:26  Gateway  
  40  4:33  Oracle (Chrono Boost)  
  41  4:55  Nexus  
  39  5:00  Stalker  
  40  5:10  Void Ray  
  44  5:15  Pylon  
  41  5:33  Probe  
  40  5:37  Stalker x2  
  39  5:45  Probe  
  39  5:53  Pylon  
  39  6:02  Blink (Chrono Boost)  
  39  6:06  Probe  
  39  6:07  Stalker x2  
  43  6:12  Probe  
  44  6:18  Probe  
  44  6:24  Probe  
  46  6:30  Probe  
  47  6:36  Probe  
  48  6:43  Probe  
  49  6:47  Pylon  
  49  6:52  Nexus  
  49  6:53  Probe  
  50  6:56  Probe  
  47  7:04  Nexus  
  47  7:05  Probe  
  47  7:10  Stalker  
  44  7:20  Stalker  
  44  7:21  Probe  
  46  7:25  Probe  
  47  7:33  Probe  
  48  7:37  Probe  
  47  7:45  Probe  
  47  7:49  Probe  
  47  7:51  Stalker  
  51  7:56  Stalker  
  51  7:57  Probe  
  52  8:05  Probe  
  52  8:09  Probe  
  54  8:14  Pylon  
  54  8:15  Stalker  
  54  8:18  Probe  
  57  8:21  Probe  
  57  8:24  Stalker  
  57  8:26  Probe  
  57  8:30  Probe  
  57  8:33  Probe  
  59  8:38  Probe  
  60  8:42  Probe  
  60  8:43  Charge (Chrono Boost)  
  60  8:44  Stalker  
  60  8:46  Probe  
  64  8:49  Gateway  
  64  8:50  Gateway  
  64  8:52  Stalker  
  64  8:53  Probe  
  67  9:01  Probe x2  
  69  9:05  Probe  
  69  9:09  Gateway x2  
  70  9:13  Probe x2  
  70  9:14  Pylon  
  72  9:19  Probe  
  73  9:26  Stalker x2  
  73  9:30  Gateway  
  77  9:31  Gateway  
  77  9:34  Probe x2  
  77  9:36  Forge  
  79  9:38  Shield Battery  
  79  9:44  Probe  
  80  9:45  Pylon, Zealot x2  
  80  9:46  Probe  
  80  9:47  Pylon  
  80  9:51  Sentry  
  80  9:52  Zealot  
  89  10:04  Protoss Ground Armor Level 1 (Chrono Boost)  
  89  10:09  Zealot x4  
  89  10:10  Pylon  
  89  10:13  Pylon  
  97  10:18  Zealot x2  
  98  10:28  Zealot x2  
  98  10:31  Zealot x4  
  108  10:36  Pylon  
  105  10:45  Zealot x2  
  105  10:49  Robotics Facility  
  109  10:54  Zealot x6  
  97  11:15  Zealot x8  
  113  11:19  Unknown  
  113  11:37  Nexus  
  113  11:45  Robotics Bay  
  113  11:46  Robotics Facility  
  113  11:47  Zealot x8  
  127  12:09  Sentry x2  
  127  12:10  Sentry  
  127  12:14  Pylon x3  
  127  12:15  Pylon  
  133  12:20  Shield Battery  
  133  12:21  Shield Battery  
  133  12:22  Assimilator  
  133  12:23  Assimilator  
  133  12:24  Pylon  
  131  12:31  Zealot x2  
  131  12:35  Stalker x6  
  131  12:37  Probe  
  107  12:57  Stalker x2  
  81  13:01  Observer (Chrono Boost)  
  81  13:03  Probe  
  81  13:04  Probe x2  
  85  13:11  Stalker  
  85  13:12  Stalker x5  
  91  13:16  Probe  
  91  13:19  Observer (Chrono Boost)  
  93  13:20  Probe x2  
  95  13:37  Zealot x2  
  95  13:38  Zealot x5  
  108  13:44  Observer  
  108  13:48  Probe x3  
  111  13:54  Pylon  
  112  14:00  Sentry x2  
  112  14:01  Stalker x2  
  109  14:15  Observer (Chrono Boost)  
  105  14:17  Sentry x4  
  99  14:34  Observer (Chrono Boost)  
  99  14:36  Zealot x2  
  99  14:37  Zealot x2  
  108  14:38  Nexus  
  102  14:55  Sentry  
  102  14:56  Sentry, Stalker x2  
  102  14:58  Sentry  
  102  15:12  Stalker x3  
  96  15:21  Stalker  
  96  15:22  Stalker x2  
  96  15:27  Zealot  
  96  15:28  Zealot  
Tags
 
Add a new tag
Caveats
  • Supply blocks, unpowered buildings, or Contaminate may cause inaccurate times.
  • Supply counts are checked every 10 seconds.